[Event "Swedish-ch MK-Elit 2022"]
[Site "Uppsala"]
[Date "2022.07.05"]
[Round "4.5"]
[White "Cederstam, Carl"]
[Black "Von Bahr, Oskar"]
[Result "1/2-1/2"]
[ECO "C65"]
[WhiteElo "2332"]
[BlackElo "2386"]
[Annotator "TA"]
[PlyCount "74"]
[EventDate "2022.07.01"]
[EventType "tourn"]
[EventCountry "SWE"]
[SourceTitle "playchess.com"]
[Source "ChessBase"]
[SourceQuality "1"]
[TimeControl "40/5400+30:1800+30"]

1. e4 e5 2. Nf3 Nc6 3. Bb5 Nf6 4. d3 Bc5 5. c3 d6 6. Nbd2 O-O 7. O-O Bd7 {[%emt 0:09:11] 7...Ne7 is becoming the main line. C65: Ruy Lopez: Berlin Defence (3...Nf6), unusual lines and 4 0-0 Bc5.} 8. a4 {[%emt 0:02:03] [#] Black must now prevent Bxc6.} a6 9. Bc4 a5 10. Re1 {[%emt 0:08:03] [#]} Be6 $146 ({Predecessor (2):} 10... Ng4 11. Re2 Nf6 12. Nf1 Be6 13. Bxe6 fxe6 14. Qb3 Qd7 15. Ng3 h6 16. Be3 Bxe3 17. fxe3 b6 {½-½ (28) Jørgensen,P (2357)-Duszynski,J (2362) ICCF email 2018}) 11. Bb5 Na7 12. d4 Nxb5 13. dxc5 Na7 14. Ng5 Bg4 15. f3 Bc8 16. f4 (16. Nc4 $11 {keeps the balance.}) 16... exf4 $17 17. Nc4 d5 ({Black should try} 17... Nd7 $17 18. Bxf4 (18. Qh5 h6 $17) 18... Nxc5) 18. exd5 $11 Nxd5 19. Re5 ({Don't play} 19. Qh5 h6 20. Nf3 Nc6 $15) 19... Ne3 $132 {[%emt 0:07:49][%mdl 2048] Black is not keeping still} 20. Nxe3 {[%emt 0:19:54] [#] Strongly threatening Nd5. Active counter play!} fxe3 21. Rd5 ({Don't blunder} 21. Bxe3 $2 Qxd1+ 22. Rxd1 f6 $19) 21... e2 22. Rxd8 exd1=Q+ 23. Rxd1 h6 24. Nf3 g5 {[%emt 0:01:13] Prevents Bf4.} 25. Nd4 Re8 26. Bd2 Bg4 27. Re1 Bd7 28. b3 Rxe1+ 29. Bxe1 Re8 30. Bg3 b6 (30... Rc8 $11) 31. cxb6 cxb6 32. Bc7 Nc8 33. Kf2 Re7 34. Bd8 Re8 {[%emt 0:00:31] The position is equal.} 35. Bc7 Re7 36. Bd8 Re8 37. Bc7 Re7 {[%emt 0:00:18] Weighted Error Value: White=0.14 (very precise) /Black=0.12 (very precise)} 1/2-1/2

[Event "Swedish-ch MK-Elit 2022"]
[Site "Uppsala"]
[Date "2022.07.06"]
[Round "5.1"]
[White "Wiedenkeller, Michael"]
[Black "Johansson, Jan"]
[Result "0-1"]
[ECO "D00"]
[WhiteElo "2437"]
[BlackElo "2306"]
[Annotator "TA"]
[PlyCount "40"]
[EventDate "2022.07.01"]
[EventType "tourn"]
[EventCountry "SWE"]
[SourceTitle "playchess.com"]
[Source "ChessBase"]
[SourceQuality "1"]
[TimeControl "40/5400+30:1800+30"]

1. d4 Nf6 2. Bg5 d5 3. Bxf6 exf6 4. e3 Bf5 5. Nd2 Bd6 6. Ne2 {[%emt 0:11:00] D00: 1 d4 d5: Unusual lines.} O-O 7. Ng3 Bg6 8. c4 (8. Be2 $11) 8... c5 $1 $15 {[%emt 0:04:51] [#]} ({Resist} 8... Bb4 9. a3 Bxd2+ 10. Qxd2 $14) 9. Be2 $146 ({White should try} 9. dxc5 $1 $15 Bxg3 10. hxg3) ({Predecessor:} 9. dxc5 Bxc5 10. Be2 dxc4 11. O-O c3 12. bxc3 Nc6 13. Nb3 Ba3 14. e4 Bb2 15. Rb1 Bxc3 {1-0 (32) Berglund,J-Arvoll,O Norway 1988}) 9... cxd4 $19 10. exd4 Nc6 11. Nf3 Qa5+ 12. Kf1 {[%emt 0:00:12] [#]} dxc4 $1 13. Bxc4 Rad8 14. Kg1 {[%emt 0:02:17] [#]} (14. Ne2 $142) 14... Bc5 $1 {[%emt 0:05:07][%cal Rc6d4][%mdl 512] A strong pair of Bishops.} 15. h4 (15. Ne2 Bh5) 15... Bxd4 16. Nxd4 Rxd4 17. Qb3 h5 18. Ne2 (18. Rh3 $142) 18... Rd2 19. Rh3 Ne5 ({Wrong is} 19... Qc5 $2 20. Qe3 Qb4 21. Nf4 $19) 20. Rg3 $2 (20. Nf4 {is a better defense.}) 20... Bc2 {[%emt 0:01:37] White did not feel at home in the position after the opening.  Weighted Error Value: White=0.59/Black=0.17 (very precise)} 0-1

[Event "Swedish-ch MK-Elit 2022"]
[Site "Uppsala"]
[Date "2022.07.06"]
[Round "5.2"]
[White "Andersson, Tommy"]
[Black "Furhoff, Johan"]
[Result "1/2-1/2"]
[ECO "D02"]
[WhiteElo "2384"]
[BlackElo "2348"]
[Annotator "TA"]
[PlyCount "34"]
[EventDate "2022.07.01"]
[EventType "tourn"]
[EventCountry "SWE"]
[SourceTitle "playchess.com"]
[Source "ChessBase"]
[SourceQuality "1"]
[TimeControl "40/5400+30:1800+30"]

1. Nf3 Nc6 2. d4 d5 3. g3 Bg4 4. Bg2 Qd7 5. O-O Bh3 6. c3 Bxg2 7. Kxg2 e6 {[%emt 0:00:32] [#] D02: 1 d4 d5 2 Nf3 sidelines, including 2...Nf6 3 g3 and 2...Nf6 3 Bf4.} 8. b4 $146 ({Predecessor:} 8. Nbd2 Nf6 9. Qc2 Bd6 10. e4 Nxe4 11. Nxe4 dxe4 12. Qxe4 O-O-O 13. Re1 h6 14. b4 Ne7 15. Bb2 {1-0 (63) Radzhabov,R (2360)-Sapegin,Y (2020) Sochi 2021}) 8... Bd6 9. Nbd2 Nf6 {[%emt 0:09:14] Against e4} 10. a3 Ne7 11. c4 {[%emt 0:03:54] [#] Strongly threatening c5.} c6 12. c5 Bc7 13. Ne5 Bxe5 14. dxe5 Ng4 15. Nf3 f6 16. exf6 gxf6 17. Qd2 (17. h3 $14 Ne5 {[#]} 18. Bg5 $1 Nxf3 19. Bxf6) 17... h5 {[%emt 0:04:53] Weighted Error Value: White=0.16 (very precise) /Black=0.09 (flawless)} 1/2-1/2

[Event "Swedish-ch MK-Elit 2022"]
[Site "Uppsala"]
[Date "2022.07.06"]
[Round "5.3"]
[White "Engqvist, Thomas"]
[Black "Thorn, Eric"]
[Result "1/2-1/2"]
[ECO "D23"]
[WhiteElo "2330"]
[BlackElo "2366"]
[Annotator "TA"]
[PlyCount "234"]
[EventDate "2022.07.01"]
[EventType "tourn"]
[EventCountry "SWE"]
[SourceTitle "playchess.com"]
[Source "ChessBase"]
[SourceQuality "1"]
[TimeControl "40/5400+30:1800+30"]

1. Nf3 d5 2. d4 Nf6 3. c4 dxc4 4. Qa4+ Nbd7 5. Nc3 a6 6. e4 e6 7. Bxc4 Rb8 8. Qc2 b5 9. Be2 Bb7 10. e5 Nd5 11. a4 b4 12. Nxd5 Bxd5 13. Bxa6 b3 14. Qe2 Bb4+ 15. Bd2 Bxf3 16. gxf3 O-O 17. Bxb4 Rxb4 18. Qd2 c5 19. dxc5 Qa5 20. Be2 Nxe5 21. Rg1 Rc8 22. Rc1 Rxa4 23. Qxa5 Rxa5 24. f4 Ng6 25. Rg3 Raxc5 26. Rxc5 Rxc5 27. Rxb3 Kf8 28. Rb8+ Ke7 29. Rb7+ Ke8 30. b4 Rf5 31. Bb5+ Kd8 32. Bd3 Rxf4 33. Bxg6 hxg6 34. b5 g5 35. b6 e5 36. Rb8+ Kd7 37. b7 Kc7 38. Rg8 Kxb7 39. Rxg7 g4 40. Rh7 Rf3 41. Rg7 Rf4 42. Rh7 Kc6 43. h3 gxh3 44. Rxh3 Kd5 45. Ra3 Ke4 46. Ke2 Kf5 47. Ra5 Rb4 48. Ra7 f6 49. Ra6 Kg5 50. Re6 Ra4 51. Re8 Ra3 52. Re6 Kf5 53. Rb6 Kg5 54. f4+ (54. Re6 $11) 54... exf4 $17 55. Kf2 Kf5 56. Rb8 Re3 57. Ra8 Re5 58. Ra7 Kg4 59. Rg7+ Rg5 60. Ra7 Rg8 (60... Rc5 $17 {Hoping for ...Rc2+.} 61. Rg7+ Rg5) 61. Rb7 (61. Ra6 $1 $11) 61... Rg6 (61... Ra8 $17 {aiming for ...Ra2+.} 62. Rg7+ Kf5) 62. Ra7 {[%emt 0:00:00] [#]} (62. Rb6 $11 {remains equal.}) 62... Rg5 $1 $17 63. Ra8 Rh5 64. Rg8+ Rg5 65. Ra8 $1 Rh5 66. Rg8+ {[%emt 0:00:00] [#]} Kf5 $1 67. Ra8 Rh2+ 68. Kf3 Rh3+ 69. Kf2 f3 (69... Rh1 $17) 70. Ra4 Kg5 71. Rb4 f5 72. Ra4 Rh2+ 73. Kxf3 Rb2 74. Ra3 Rb4 75. Kg3 Rg4+ 76. Kf3 Rh4 77. Kf2 Rh2+ 78. Kg3 Rh6 79. Ra8 Re6 80. Rg8+ Kf6 81. Kf4 Re4+ 82. Kf3 Ra4 83. Rb8 Kg6 84. Rc8 Rb4 85. Ra8 Kg5 86. Rg8+ Kf6 87. Rf8+ Ke6 88. Re8+ Kf6 89. Rf8+ Ke6 90. Re8+ Kf7 91. Ra8 Rd4 92. Rb8 Ra4 93. Rc8 Ke7 94. Rc6 Kf7 95. Rb6 Kg7 96. Rc6 Rb4 97. Ra6 Rd4 98. Rb6 Re4 99. Ra6 Kf7 100. Rb6 Re6 101. Rxe6 Kxe6 102. Kf4 Kf6 103. Kf3 Kg6 (103... Ke5 $5) 104. Kf4 Kf6 105. Kf3 Ke5 106. Ke3 f4+ 107. Kf3 Kf5 108. Kf2 Kg4 109. Kg2 f3+ 110. Kf2 Kf4 111. Kf1 Ke5 (111... Ke3 $5 112. Ke1 Kf4 $11) 112. Kf2 Ke4 (112... Kf4 $5) 113. Kf1 Kf4 (113... Kd3 $5) 114. Kf2 Kg4 (114... Ke4 $5) 115. Kf1 Kg3 (115... Kf4 $5) 116. Kg1 f2+ 117. Kf1 Kf3 1/2-1/2

[Event "Swedish-ch MK-Elit 2022"]
[Site "Uppsala"]
[Date "2022.07.06"]
[Round "5.4"]
[White "Von Bahr, Oskar"]
[Black "Ernst, Thomas"]
[Result "1/2-1/2"]
[ECO "A45"]
[WhiteElo "2386"]
[BlackElo "2289"]
[Annotator "TA"]
[PlyCount "117"]
[EventDate "2022.07.01"]
[EventType "tourn"]
[EventCountry "SWE"]
[SourceTitle "playchess.com"]
[Source "ChessBase"]
[SourceQuality "1"]
[TimeControl "40/5400+30:1800+30"]

1. d4 Nf6 2. Bg5 e6 3. e4 h6 4. Bxf6 Qxf6 5. c3 d6 6. Bd3 Nd7 {[%emt 0:00:55] A45: Trompowsky Attack.} 7. Nd2 g6 8. Ne2 Bg7 9. O-O Qe7 10. f4 O-O 11. e5 b6 12. Ng3 Bb7 13. Qe2 Rad8 14. Rad1 {[%emt 0:04:06] [#]} dxe5 $146 ({Predecessor:} 14... Nb8 15. exd6 Qxd6 16. Nc4 Qd7 17. Qg4 Nc6 18. Rf2 Qe8 19. Qe2 Ba6 20. Ne3 Bxd3 21. Qxd3 {0-1 (82) Gallagher,J (2490)-Wahls,M (2605) Dresden 1998}) 15. fxe5 c5 16. Nc4 cxd4 17. cxd4 Nb8 18. Qe3 Nc6 19. Be4 f5 (19... Ba6 {is more complex.} 20. Bxc6 Bxc4 21. Rf2 Bxa2 22. b3 Qa3) 20. exf6 (20. Bxc6 {seems wilder.} Bxc6 21. Ne2 g5 22. h4) 20... Rxf6 21. Rxf6 Qxf6 22. Bxc6 Bxc6 {[%emt 0:01:18] This bishop pair is nice.} 23. Ne5 Be8 24. h3 Qg5 25. Qxg5 hxg5 26. Nf3 Bc6 27. Ne2 Bf6 28. Rd2 e5 29. dxe5 Rxd2 30. Nxd2 Bxe5 $11 {[%emt 0:00:09][%mdl 4096] Endgame KBB-KNN} 31. b3 Kf7 32. Kf2 Bf6 33. Nf3 {[%emt 0:02:03] The position is equal.} Be4 34. Ke3 Bb7 35. Ng3 Ke6 36. Ne4 Bxe4 37. Kxe4 {[%emt 0:00:05] KB-KN} a6 38. Ne1 Kd6 39. Nd3 a5 {[%emt 0:02:12] Prevents Nb4.} 40. a4 Kc6 41. Ne1 Kc5 {[%emt 0:02:25] [#] Hoping for ...Kb4.} 42. Nc2 Bg7 43. Kd3 Be5 44. Ne3 Bc7 45. Ke4 Kb4 46. Nd5+ Kxb3 47. Nxc7 Kxa4 {[%emt 0:00:14] KN-KP} 48. Kd3 Kb3 49. Kd2 $1 Kb2 (49... a4 50. Kc1 Kc3 51. Nd5+ Kd4 52. Ne7 (52. Nxb6 Ke5 $11)) 50. Nd5 b5 (50... a4 $2 51. Nxb6 Kb3 {[#]} 52. Nxa4 $1 $18) 51. Nc3 b4 52. Na4+ Kb3 53. Nc5+ Kc4 54. Na4 Kd4 55. Nb2 Ke4 56. Ke2 Kd4 {[%emt 0:01:33] aiming for ...Kc3.} 57. Kd2 Ke4 58. Ke2 Kd4 {[%emt 0:00:18] Strongly threatening ...Kc3.} 59. Kd2 {[%emt 0:00:32] Weighted Error Value: White=0.04 (flawless) /Black=0.03 (flawless)} 1/2-1/2

[Event "Swedish-ch MK-Elit 2022"]
[Site "Uppsala"]
[Date "2022.07.06"]
[Round "5.5"]
[White "Trost, Edvin"]
[Black "Cederstam, Carl"]
[Result "1/2-1/2"]
[ECO "D30"]
[WhiteElo "2345"]
[BlackElo "2332"]
[Annotator "TA"]
[PlyCount "59"]
[EventDate "2022.07.01"]
[EventType "tourn"]
[EventCountry "SWE"]
[SourceTitle "playchess.com"]
[Source "ChessBase"]
[SourceQuality "1"]
[TimeControl "40/5400+30:1800+30"]

1. d4 d5 2. c4 e6 3. Nf3 a6 4. Bg5 Be7 5. Bxe7 Qxe7 6. Nbd2 {[%emt 0:00:19] D30: Queen's Gambit Declined: Systems without Nc3.} Nf6 7. g3 b6 8. Bg2 {[%emt 0:00:46] White is slightly better.} Bb7 9. O-O Nbd7 10. Rc1 {[%emt 0:03:21][%cal Ba1c1,Bc1c4,Bc4d4][%mdl 32] Threatening cxd5.} c5 11. Ne5 cxd4 12. Nxd7 Qxd7 13. Nf3 dxc4 14. Rxc4 Qd8 15. Rxd4 ({Wrong is} 15. Nxd4 $2 Bxg2 16. Nxe6 fxe6 $19) 15... Qc7 16. Qa4+ b5 {[%emt 0:00:15] [#]} 17. Qa3 $146 ({Predecessor:} 17. Qb4 Rc8 18. Rfd1 Qe7 19. a4 Qxb4 20. Rxb4 Nd5 21. Rb3 Bc6 22. axb5 Bxb5 23. Nd4 {1-0 (58) Panjwani,R (2436)-Ostrovskiy,A (2409) Charlotte 2022}) 17... Qe7 18. Rc1 {[%emt 0:00:48] [#] And now Qxe7+ would win.} Qxa3 19. bxa3 O-O 20. Ne5 $36 {[%emt 0:02:19][%mdl 2048] White has good play.} Bxg2 21. Kxg2 Rfc8 22. Rxc8+ Rxc8 $11 {[%emt 0:00:01][%mdl 4096] Endgame KRN-KRN} 23. Rd6 Ne4 (23... g5 $11 {keeps the balance.}) 24. Rxa6 $16 Nc3 {[%emt 0:00:58][%csl LRa2,LRe2] [#]} 25. Rc6 $1 Rxc6 26. Nxc6 Nxa2 27. Kf1 (27. f4 $16) 27... Nc3 $11 {[%emt 0:01:15] The position is equal.} 28. Na7 Kf8 29. Ke1 Ke7 30. Kd2 {[%emt 0:00:09] Weighted Error Value: White=0.04 (flawless) /Black=0.10 (very precise)} 1/2-1/2

[Event "Swedish-ch MK-Elit 2022"]
[Site "Uppsala"]
[Date "2022.07.07"]
[Round "6.2"]
[White "Thorn, Eric"]
[Black "Wiedenkeller, Michael"]
[Result "1/2-1/2"]
[ECO "E11"]
[WhiteElo "2366"]
[BlackElo "2437"]
[Annotator "TA"]
[PlyCount "174"]
[EventDate "2022.07.01"]
[EventType "tourn"]
[EventCountry "SWE"]
[SourceTitle "playchess.com"]
[Source "ChessBase"]
[SourceQuality "1"]
[TimeControl "40/5400+30:1800+30"]

1. Nf3 d5 2. c4 e6 3. d4 Nf6 4. g3 Bb4+ 5. Bd2 a5 6. Qc2 Nc6 7. Bg2 dxc4 8. Qxc4 Qd5 9. Qxd5 exd5 10. O-O {[%emt 0:03:40] E11: Bogo-Indian.} Bg4 11. Be3 {[%emt 0:08:15] [#]} Na7 $146 ({Predecessor:} 11... Ne4 12. h3 Be6 13. Bf4 O-O-O 14. Na3 Bxa3 15. bxa3 Nc3 16. Rfe1 Nb5 17. Rac1 f6 {½-½ (78) Delorme,A (2455)-Marin,M (2597) Bratto 2010}) 12. Bf4 {[%emt 0:09:18] White has an edge.} c6 13. a3 Be7 14. Nc3 O-O 15. Rfc1 Rfe8 16. Nd2 Be6 17. Nb3 b6 18. Na4 Bd8 19. Bg5 h6 20. Bxf6 Bxf6 21. e3 (21. Nxb6 $2 Rab8 22. Nxa5 Rxb6 $19) 21... Rab8 22. Nd2 Bd7 23. Nc3 Nc8 24. b4 Nd6 {[%emt 0:00:33] Prevents b5.} 25. bxa5 (25. b5 Nxb5 26. Nxb5 cxb5 $15) 25... bxa5 26. Na4 Be7 27. Nc5 {[%emt 0:00:39] Pair of Knights!} Bf5 28. Ncb3 a4 29. Na5 (29. Nc5 $5 ) 29... Rb2 30. Nf3 (30. Nb1 $11) 30... Ne4 $15 31. Nxc6 Nxf2 {[%emt 0:00:15] Threatens to win with ...Ng4.} ({Don't play} 31... Rxf2 32. Nxe7+ (32. Nh4 Rxg2+ 33. Nxg2 Bf8 $16) 32... Rxe7 33. Nh4 Rxg2+ 34. Kxg2 $16) 32. Nxe7+ Rxe7 33. Rf1 $2 ({Only move:} 33. Ne5 $1 $15) 33... Nh3+ $19 34. Kh1 $2 (34. Bxh3 Bxh3 35. Rf2) 34... Rxe3 35. Rae1 (35. Rfe1 $142 Rd3 36. Rf1) 35... Rxe1 36. Rxe1 Rb3 37. Nh4 Be4 38. Bxe4 Nf2+ 39. Kg1 Nxe4 {[%emt 0:00:08][%mdl 4096] Endgame KRN-KRN} 40. Nf5 Kf8 {[%emt 0:01:24] Against Ne7} ({Avoid the trap} 40... Rxa3 $2 41. Ne7+ Kh7 42. Nxd5 $19) 41. Ne3 Nc3 ({Not} 41... Rxa3 $2 42. Nxd5 Nd6 43. Rc1 $19) 42. Ra1 g6 43. Kg2 Rb2+ 44. Kf3 Rxh2 45. Rc1 Nb5 46. Rc8+ Kg7 47. Nxd5 Nxd4+ 48. Ke4 Nb5 {[%emt 0:01:42] [#] aiming for ...Nd6+.} 49. Ra8 Rd2 50. Nf4 Ra2 51. Ra5 Nd6+ 52. Kd5 Nf5 53. Rxa4 Nxg3 54. Ra7 Ne2 55. Ne6+ Kf6 56. Nc5 Rd2+ 57. Ke4 Nc3+ 58. Ke3 Rd5 59. Nd7+ (59. Rc7 $142) 59... Kg7 60. Nb6 Rd6 61. Nc4 Re6+ 62. Kd3 Nb5 63. Rd7 Ra6 64. Ne5 Rxa3+ $2 (64... Nd6 $19 {has better winning chances.} 65. Kd4 Nf5+ 66. Kd5 Ra5+ 67. Ke4 Kf6) 65. Kc4 $17 {[%emt 0:00:11] [#]} Ra7 66. Kxb5 $11 Rxd7 67. Nxd7 {[%emt 0:00:04] KN-K3P} h5 68. Kc4 h4 69. Nc5 $1 Kf6 {[%emt 0:00:44] And now ...h3 would win.} 70. Kd3 Kf5 {[%emt 0:01:05] Strongly threatening ...h3.} (70... g5 $5 71. Ke4 Kg7 $11) 71. Ke3 g5 72. Ne4 $2 (72. Kf3 $11 g4+ 73. Kg2) 72... h3 $2 ({Black should try} 72... g4 $19 {( -> ...g3)} 73. Nd6+ Ke6) 73. Ng3+ {[%emt 0:01:08] The position is equal.} Kg4 74. Nf1 f5 75. Kf2 Kf4 76. Ng3 $1 g4 (76... Ke5 $5 77. Nh1 g4 $11) 77. Ne2+ Ke4 78. Kg3 {[%emt 0:00:40] Against f4+} Ke3 79. Nf4 Kd2 (79... h2 $5 80. Ng2+ Ke4 81. Kxh2 f4 $11) 80. Kf2 h2 81. Kg2 Ke3 (81... g3 $5 82. Nh5 Ke3 83. Nxg3 f4 $11) 82. Nh5 h1=Q+ 83. Kxh1 Kf2 84. Nf6 g3 85. Ne4+ Kf3 86. Ng5+ Kf2 87. Ne4+ fxe4 {[%emt 0:00:28] Weighted Error Value: White=0.31/Black=0.14 (very precise)} 1/2-1/2